Map: At Eternity's Edge LE

Players

SialicAcid

  • Race: Terran Terran
  • League: Diamond

리저브 - Winner!

  • Race: Zerg Zerg

VOD

Have the link to the VOD?

Description

Time

  • Played on: Sept. 22, 2026, 9:35 p.m.
  • Length: 9:03
Show
View Real Time Build Order
Export as new Build Order

SialicAcid Terran 

Build Orders: Reaper Expand, Hellion Banshee 

Get SALT Encoding   

  12  0:00  SCV  
  13  0:12  SCV  
  14  0:17  Supply Depot  
  14  0:24  SCV  
  15  0:38  SCV  
  15  0:40  Barracks  
  15  0:42  Refinery  
  16  0:50  SCV  
  17  1:03  SCV  
  18  1:15  SCV  
  19  1:25  Reaper  
  19  1:27  Orbital Command  
  20  1:40  Command Center  
  20  1:50  Supply Depot  
  20  1:52  SCV  
  21  1:59  Marine  
  22  2:05  Factory  
  22  2:08  SCV  
  23  2:20  Barracks Reactor, SCV  
  24  2:32  SCV  
  25  2:39  Command Center  
  25  2:45  SCV  
  26  2:53  Orbital Command  
  26  2:58  Starport  
  26  3:03  Refinery  
  26  3:04  SCV  
  27  3:16  Hellion x2  
  27  3:17  Barracks Tech Lab  
  31  3:20  SCV  
  31  3:21  SCV  
  33  3:32  SCV  
  34  3:34  SCV  
  34  3:39  Hellion x2  
  39  3:41  Banshee  
  39  3:45  SCV  
  39  3:46  SCV  
  44  3:51  Orbital Command  
  44  3:56  Cloaking Field  
  44  4:00  SCV x2  
  46  4:07  Hellion x2, Barracks Tech Lab  
  50  4:12  SCV x2  
  52  4:17  SCV  
  53  4:24  SCV, Supply Depot  
  53  4:26  Banshee  
  53  4:27  Barracks  
  57  4:34  SCV x2  
  57  4:36  SCV  
  57  4:37  Stimpack  
  60  4:40  Refinery  
  60  4:41  Refinery  
  60  4:46  Barracks  
  60  4:48  SCV  
  61  4:54  Factory Reactor  
  61  4:58  Engineering Bay x2, SCV x2  
  61  4:59  Marine  
  64  5:00  SCV  
  64  5:06  Supply Depot  
  65  5:10  SCV, Supply Depot  
  65  5:13  SCV  
  65  5:14  SCV  
  68  5:19  Marine  
  69  5:23  Starport Reactor  
  69  5:24  Supply Depot  
  69  5:28  SCV x3  
  72  5:40  Terran Infantry Weapons Level 1, Terran Infantry Armor Level 1  
  72  5:42  Marine  
  73  5:54  SCV  
  73  5:55  SCV x2  
  73  6:00  Marine  
  73  6:03  Marine  
  73  6:04  Marine  
  76  6:05  Medivac x2  
  76  6:06  Marine x2  
  76  6:07  Orbital Command  
  82  6:12  Armory  
  82  6:15  SCV x2  
  84  6:19  Marine  
  84  6:21  Marine x2, Siege Tank  
  84  6:23  Marine  
  91  6:29  SCV x2, Supply Depot, Barracks  
  91  6:31  Barracks  
  93  6:32  Factory  
  93  6:38  Combat Shield  
  93  6:39  SCV  
  94  6:40  Marine  
  94  6:41  Marine, SCV  
  94  6:43  Supply Depot  
  94  6:44  Supply Depot  
  94  6:45  Marine x2  
  99  6:48  Marine  
  99  6:50  Medivac x2  
  104  6:54  Supply Depot  
  104  6:55  SCV x2  
  104  6:56  Refinery  
  104  6:57  Refinery  
  101  7:14  Marine x2, Siege Tank  
  106  7:19  Barracks Tech Lab  
  106  7:20  Barracks Tech Lab  
  106  7:21  Barracks Reactor  
  106  7:22  Barracks Reactor  
  106  7:23  Factory Tech Lab, Medivac  
  106  7:26  SCV x3  
  111  7:30  Command Center  
  111  7:36  Marine x3  
  111  7:37  Marine  
  114  7:40  Marine  
  114  7:41  Siege Tank  
  116  7:54  Marine  
  116  8:00  Marine x2  
  116  8:01  Marine x6  
  116  8:02  Siege Tank  
  116  8:04  Medivac  
  129  8:06  SCV x3  
  129  8:12  Marine  
  133  8:23  Supply Depot  
  133  8:25  Supply Depot  
  133  8:40  Barracks  
  133  8:41  Barracks, Marine x3, SCV x3  
  133  8:42  Marauder, Barracks  
  133  8:43  Ghost Academy  
Show
View Real Time Build Order
Export as new Build Order

리저브 Zerg - Winner!

Build Orders: Hatch First 

Get SALT Encoding   

  12  0:03  Drone  
  13  0:12  Overlord  
  13  0:17  Drone  
  14  0:31  Drone  
  14  0:32  Drone  
  16  0:47  Hatchery  
  15  0:51  Drone  
  15  0:53  Drone  
  17  0:58  Drone  
  18  1:08  Extractor  
  17  1:12  Spawning Pool  
  17  1:15  Drone  
  17  1:18  Drone  
  18  1:29  Drone  
  19  1:41  Drone  
  20  1:51  Drone  
  21  2:00  Queen x2  
  27  2:01  Zergling x4  
  27  2:11  Metabolic Boost  
  27  2:14  Overlord  
  27  2:15  Drone  
  28  2:32  Drone x3  
  28  2:34  Drone  
  32  2:40  Hatchery  
  31  2:47  Drone x2  
  33  2:52  Queen  
  33  2:57  Overlord  
  35  3:02  Overlord  
  35  3:16  Drone x6  
  41  3:28  Drone x2  
  41  3:31  Queen  
  41  3:32  Queen  
  47  3:38  Overlord  
  47  3:40  Drone  
  47  3:41  Drone x2  
  50  3:44  Drone  
  50  3:47  Drone  
  52  3:51  Overlord  
  52  3:53  Drone  
  53  4:00  Drone x3  
  53  4:02  Drone x3  
  59  4:10  Queen x2  
  59  4:14  Zergling x6  
  66  4:20  Zergling x2  
  66  4:21  Drone  
  66  4:24  Drone  
  69  4:26  Queen  
  71  4:33  Drone x2  
  71  4:35  Drone  
  74  4:39  Overlord  
  74  4:41  Evolution Chamber x2  
  74  4:43  Overlord, Drone x2  
  74  4:49  Overlord  
  74  4:54  Overlord  
  74  4:57  Hatchery  
  74  4:58  Drone x2  
  76  5:00  Drone x4  
  79  5:07  Zerg Melee Weapons Level 1, Zerg Ground Armor Level 1  
  79  5:08  Drone x3  
  79  5:09  Drone  
  79  5:12  Drone x2  
  79  5:14  Extractor, Spore Crawler  
  84  5:15  Extractor  
  84  5:18  Drone, Extractor  
  84  5:19  Drone  
  84  5:20  Drone x2  
  85  5:22  Lair  
  85  5:29  Drone  
  85  5:30  Drone x4  
  85  5:33  Overlord, Extractor  
  85  5:34  Extractor  
  88  5:47  Spore Crawler  
  87  5:58  Drone  
  87  5:59  Drone x11  
  87  6:00  Zergling x2  
  100  6:04  Zergling x2  
  100  6:05  Zergling x6  
  100  6:10  Overlord  
  104  6:13  Zergling x2  
  104  6:14  Zergling x4  
  104  6:15  Hatchery  
  104  6:17  Hatchery  
  105  6:19  Zergling x2  
  105  6:25  Baneling Nest, Zergling x2  
  106  6:26  Zergling x4  
  106  6:30  Drone x3  
  106  6:31  Zergling x2  
  112  6:33  Zergling x2  
  112  6:35  Overlord, Hatchery  
  112  6:37  Zergling x2  
  112  6:38  Zergling x12  
  119  6:42  Zergling x2  
  119  6:45  Zergling x4  
  122  6:47  Zergling x2  
  122  6:49  Zergling x4  
  122  6:50  Zergling x2  
  126  6:55  Zergling x2  
  126  6:57  Infestation Pit  
  126  6:59  Zergling x6  
  129  7:04  Overlord  
  129  7:06  Zergling x8  
  132  7:09  Zergling x6  
  132  7:10  Zergling x2  
  132  7:12  Centrifugal Hooks, Overlord  
  132  7:15  Overlord  
  134  7:17  Overlord x2  
  134  7:19  Baneling x14  
  134  7:20  Baneling, Zergling x2  
  134  7:22  Zergling x2  
  136  7:24  Zergling x10  
  142  7:30  Zergling x6  
  142  7:35  Zergling x6  
  142  7:36  Hive  
  147  7:38  Zergling x4  
  147  7:39  Zergling x2  
  147  7:41  Zergling x2  
  147  7:43  Zergling x2  
  152  7:45  Zergling x2  
  152  7:46  Zergling x2  
  152  7:47  Zergling x2  
  152  7:48  Zergling x2  
  152  7:49  Zergling x2  
  152  7:50  Overlord  
  157  7:52  Zergling x2  
  157  7:54  Zergling x4  
  157  7:57  Zergling x2  
  153  8:02  Zergling x8  
  153  8:03  Zergling x8  
  153  8:05  Baneling x13, Zergling x2  
  158  8:06  Zergling x6  
  158  8:08  Zergling x2  
  158  8:09  Zergling x2  
  158  8:10  Zergling x2  
  158  8:11  Zergling x6  
  168  8:15  Zergling x12  
  168  8:16  Zergling x2  
  168  8:17  Zergling x2  
  168  8:18  Zergling x2  
  168  8:19  Zergling x4  
  179  8:21  Zergling x2  
  179  8:22  Zergling x2  
  179  8:24  Zergling x4  
  179  8:26  Zergling x4  
  185  8:28  Zergling x2  
  185  8:30  Baneling x7, Zergling x2  
  185  8:31  Zergling x2  
  185  8:32  Zergling x2  
  185  8:33  Zergling x4  
  191  8:35  Zergling x4  
  191  8:37  Zergling x2  
  191  8:41  Zergling x10  
  198  8:43  Zergling x2  
  198  8:48  Baneling x10  
Tags
 
Add a new tag
Caveats
  • Supply blocks, unpowered buildings, or Contaminate may cause inaccurate times.
  • Supply counts are checked every 10 seconds.